 Dungeon Crawl Stone Soup version 0.23.2-1-ga50397a (webtiles) character file.

Game seed: 6566787441111491048

586 grenoire the Cudgeler (level 7, 0/44 HPs)
             Began as a Gargoyle Berserker on May 5, 2019.
             Was a Priest of Trog.
             Slain by a mummy (3 damage)
             ... in an ossuary.
             The game lasted 00:10:30 (4388 turns).

grenoire the Cudgeler (Gargoyle Berserker)          Turns: 4388, Time: 00:10:31

Health: 0/44       AC: 18    Str: 21    XL:     7   Next: 37%
Magic:  0/7        EV:  7    Int:  8    God:    Trog [***...]
Gold:   131        SH:  0    Dex: 10    Spells: 6/6 levels left

rFire    + + .     SeeInvis .   a - +0 mace
rCold    x . .     Gourm    .   (no shield)
rNeg     + . .     Faith    .   d - +1 plate armour
rPois    ∞         Spirit   +   (no helmet)
rElec    +         Reflect  .   u - scarf {Spirit}
rCorr    .         Harm     .   q - +0 pair of gloves
MR       .....                  (no boots)
Stlth    ..........             (no amulet)
HPRegen  0.14/turn              i - ring of fire
MPRegen  0.10/turn              v - ring of protection from fire

@: no status effects
A: negative energy resistance 1, electricity resistance, unbreathing,
petrification resistance, rot immunity, AC +4
a: Berserk, Trog's Hand, Renounce Religion


You were in an ossuary.
You worshipped Trog.
Trog was most pleased with you.
You were not hungry.

You visited 1 branch of the dungeon, and saw 5 of its levels.
You also visited: Ossuary.

You collected 131 gold pieces.

Inventory:

Hand Weapons
 a - a +0 mace (weapon)
Armour
 d - a +1 plate armour (worn)
 q - a +0 pair of gloves (worn)
 u - a scarf of spirit shield (worn)
Jewellery
 i - a ring of fire (left hand)
 v - a ring of protection from fire (right hand)
Wands
 w - a wand of polymorph (13)
Scrolls
 e - 4 scrolls of identify
 g - 4 scrolls of enchant armour
 h - a scroll of immolation {unknown}
 j - 4 scrolls of teleportation {unknown}
 n - a scroll of enchant weapon {unknown}
 r - a scroll of blinking {unknown}
 t - a scroll of remove curse
Potions
 b - 3 potions of degeneration {unknown}
 f - a potion of ambrosia
 k - a potion of might
 l - a potion of flight {unknown}
 m - a potion of lignification {unknown}
 o - a potion of berserk rage {unknown}
 p - a potion of brilliance {unknown}
 s - a potion of curing {unknown}
Comestibles
 c - 3 rations


   Skills:
 + Level 5.1 Fighting
 + Level 6.3 Maces & Flails
 + Level 4.0 Armour
 + Level 2.2 Dodging
 + Level 0.4 Stealth


You had 6 spell levels left.
You didn't know any spells.
Your spell library was empty.

Dungeon Overview and Level Annotations

Branches:
Dungeon (5/15)
 Temple: D:4-7

Altars:
Dithmenos
Elyvilon
Fedhas
Makhleb
Nemelex Xobeh
Qazlal
Vehumet


Innate Abilities, Weirdness & Mutations

You are resistant to torment.
Your stone body is resilient. (AC +4)
You are immune to poison.
You resist negative energy. (rN+)
You are resistant to electric shocks. (rElec)
You can survive without breathing.
You are immune to petrification.
You are immune to rotting.


Message History

The mummy hits you but does no damage. The mummy hits you!
* * * LOW HITPOINT WARNING * * *
Your plate armour prevents you from hitting the mummy.
The mummy hits you but does no damage. The mummy hits you.
* * * LOW HITPOINT WARNING * * *
You hit the mummy.
The mummy is lightly damaged.
The mummy barely misses you. What are your orders? t - Shout!
Orders for allies: a - Attack new target. r - Retreat! s - Stop attacking. g - Guard the area. f - Follow me.
Anything else - Cancel.
Okay, then.
As you read the scroll labeled ICA JUTIHANO, it crumbles to dust.
It is a scroll of enchant armour.
Your +0 plate armour glows green for a moment.
The mummy hits you.
You die...

.......
#....^#
#.....#
#...Z.#
#..∩.Z#
#.....#
#..∩..#
#.....#
#...M@#
#...MM#
#.....#
##...##
#####


You could see 3 mummies and 2 big kobold zombies.

Vanquished Creatures
  A centaur (D:5)
  3 scorpions
  A centaur skeleton (D:5)
  An orc priest (D:4)
  A jelly (D:5)
  2 orc wizards (D:5)
  Jessica (D:3)
  An iguana (D:4)
  A gnoll (D:1)
  2 adders (D:2)
  A shadow imp (D:5)
  An adder skeleton (D:5)
  3 worms
  7 dart slugs
  3 leopard geckos
  9 orcs
  6 bats
  9 giant cockroaches
  2 goblins
  4 hobgoblins
  11 jackals
  7 kobolds
  5 quokkas
  A ball python (D:5)
  9 frilled lizards
  A jackal skeleton (D:4)
  9 rats
102 creatures vanquished.

Notes
Turn   | Place    | Note
-------+----------+-------------------------------------------
     0 | D:1      | grenoire the Gargoyle Berserker began the quest for the
                  | Orb.
     0 | D:1      | Reached XP level 1. HP: 14/14 MP: 1/1
   160 | D:1      | Reached XP level 2. HP: 11/19 MP: 2/2
   767 | D:1      | Reached XP level 3. HP: 23/23 MP: 3/3
  1591 | D:2      | Reached ** piety under Trog
  1591 | D:2      | Reached skill level 4 in Maces & Flails
  1591 | D:2      | Reached XP level 4. HP: 29/29 MP: 4/4
  2051 | D:2      | Found a faded altar of an unknown god.
  2212 | D:2      | Found a burning altar of Makhleb.
  2220 | D:2      | Found a sparkling altar of Nemelex Xobeh.
  2226 | D:2      | Found a radiant altar of Vehumet.
  2226 | D:2      | Found a shadowy altar of Dithmenos.
  2235 | D:2      | Found a white marble altar of Elyvilon.
  2540 | D:3      | Reached XP level 5. HP: 24/33 MP: 5/5
  2751 | D:3      | Found a blossoming altar of Fedhas.
  2914 | D:3      | Noticed Jessica
  2916 | D:3      | Killed Jessica
  2916 | D:3      | Reached *** piety under Trog
  3069 | D:4      | Reached skill level 5 in Maces & Flails
  3193 | D:4      | Found a stormy altar of Qazlal.
  3256 | D:4      | Reached XP level 6. HP: 23/38 MP: 6/6
  4122 | D:5      | Entered Level 5 of the Dungeon
  4169 | D:5      | Reached skill level 5 in Fighting
  4169 | D:5      | Reached XP level 7. HP: 19/44 MP: 2/7
  4184 | D:5      | Reached skill level 6 in Maces & Flails
  4367 | D:5      | Found a sand-covered staircase.
  4378 | Ossuary  | Entered an ossuary
  4388 | Ossuary  | Slain by a mummy

Skill      XL: |  1  2  3  4  5  6  7 |
---------------+----------------------+-----
Dodging        | 2 |  2.2
Maces & Flails | 4 5 6 |  6.3
Armour         | 3 4 |  4.0
Fighting       | 4 5 |  5.1
Stealth        | |  0.4

Action                   |  1- 3 |  4- 6 |  7- 9 || total
-------------------------+-------+-------+-------++-------
Melee: Mace              |   129 |   298 |    36 ||   463
Invok: Berserk           |       |     2 |       ||     2
  Use: Scroll            |     2 |       |     1 ||     3
       Potion            |       |     1 |       ||     1
  Eat: Ration            |     1 |     2 |     1 ||     4
       Chunk             |     1 |       |       ||     1
Armor: Animal skin       |    41 |       |       ||    41
       Plate armour      |    70 |   365 |    39 ||   474
Dodge: Dodged            |    99 |   149 |    11 ||   259
